 Dungeon Crawl Stone Soup version 0.29.1-2-gbd0b4ee654 (webtiles) character file.

Game seed: 564847278707996262

5452 KittyFluff the Blocker (level 10, -3/136 HPs)
             Began as a Troll Fighter on Nov 28, 2022.
             Was a Follower of Trog.
             Slain by an orc warlord
             ... wielding a +5 broad axe
              (12 damage)
             ... in a bailey.
             The game lasted 00:47:30 (7496 turns).

KittyFluff the Blocker (Troll Fighter)              Turns: 7496, Time: 00:47:31

Health: -3/136     AC: 12    Str: 32    XL:     10   Next: 41%
Magic:  9/9        EV: 10    Int:  4    God:    Trog [*.....]
Gold:   314        SH: 15    Dex: 13    Spells: 9/9 levels left

rFire   + . .      SeeInvis .     - Unarmed
rCold   . . .      Faith    .   c - +0 kite shield
rNeg    . . .      Spirit   .   N - +0 steam dragon scales
rPois   .          Reflect  +   k - +1 hat
rElec   .          Harm     .   (no cloak)
rCorr   +          Rampage  .   (gloves unavailable)
Will    .....                   (boots unavailable)
Stlth   ..........              R - amulet of reflection
HPRegen 1.12/turn               O - ring "Ipofow" {rF+ rCorr Str+6 Slay+2}
MPRegen 0.11/turn               L - +4 ring of protection

@: berserking, very quick
A: large, unfitting armour, claws 3, regeneration 1, shaggy fur 1, tough skin 1
a: Renounce Religion, Berserk


You were in a bailey.
You worshipped Trog.
Trog was aware of your devotion.
You visited 2 branches of the dungeon, and saw 9 of its levels.
You also visited: Sewer and Bailey.

You collected 446 gold pieces.
You spent 132 gold pieces at shops.

Inventory:

Hand Weapons
 o - a +0 morningstar
 u - a +0 giant spiked club
 A - a +0 giant club
 D - a +2 mace of freezing
 I - a +0 sling
 T - a +5 mace
Missiles
 e - 55 stones
 n - 5 silver javelins
 E - 7 poisoned darts
 S - 18 boomerangs (quivered)
Armour
 c - a +0 kite shield (worn)
 k - a +1 hat (worn)
 N - +0 steam dragon scales (worn)
Jewellery
 b - a ring of ice
 f - an amulet of guardian spirit
 h - a ring of positive energy
 j - a ring of magical power
 L - a +4 ring of protection (right claw)
 O - the ring "Ipofow" (left claw) {rF+ rCorr Str+6 Slay+2}
   (You took it off an orc priest on level 6 of the Dungeon)

   [ring of strength]

   Str:       It affects your strength (+6).
   Slay:      It affects your accuracy & damage with ranged weapons and melee
   (+2).
   rF:        It protects you from fire.
   rCorr:     It protects you from acid and corrosion.
 R - an amulet of reflection (around neck)
Wands
 z - a wand of paralysis (11)
 C - a wand of iceblast (14)
 H - a wand of polymorph (12)
Scrolls
 g - a scroll of acquirement {unknown}
 i - a scroll of amnesia {unknown}
 q - 3 scrolls of vulnerability {unknown}
 r - a scroll of torment {unknown}
 s - 4 scrolls of teleportation
 t - 2 scrolls of enchant armour {unknown}
 x - a scroll of silence {unknown}
 y - 2 scrolls of summoning {unknown}
 B - a scroll of brand weapon {unknown}
 F - 2 scrolls of poison
 G - 4 scrolls of fog {unknown}
 K - a scroll of immolation {unknown}
 M - 2 scrolls of blinking {unknown}
Potions
 a - 2 potions of cancellation
 d - 5 potions of might
 l - a potion of lignification
 m - 3 potions of brilliance
 p - a potion of magic
 v - 2 potions of curing
 w - a potion of flight {unknown}
 J - a potion of mutation {unknown}
 P - 4 potions of heal wounds


   Skills:
 + Level 3.6 Fighting
 + Level 1.8 Maces & Flails
 * Level 4.9 Throwing
 + Level 5.2 Dodging
 + Level 1.8 Stealth
 * Level 8.1 Shields
 + Level 7.3 Unarmed Combat
 * Level 4.3 Evocations


You had 9 spell levels left.
You didn't know any spells.
Your spell library contained the following spells:

 Spells                   Type           Power      Damage    Failure   Level
 Conjure Flame            Conj/Fire      0%         6-21      98%         3
 Ignite Poison            Fire/Tmut/Pois 0%         N/A       98%         3
 Sticky Flame             Conj/Fire      0%         2d3       100%        4


Dungeon Overview and Level Annotations

Branches:
Dungeon (8/15)             Temple (1/1) D:7           Sewer (visited)
 Bailey (1/1)
   Lair: D:8-11

Altars:
Ashenzari
Elyvilon
Fedhas
Gozag
Hepliaklqana
Kikubaaqudgha
Makhleb
Nemelex Xobeh
Okawaru
Qazlal
Ru
Sif Muna
Trog
Uskayaw
Vehumet
Wu Jian
Xom
Yredelemnul
Zin
The Shining One

Shops:
D:5 ?

Annotations:
D:6 2 transporters, Rudyous's ghost, novice HOFi


Innate Abilities, Weirdness & Mutations

You are too large for most types of armour.
You have claws for hands.
Your natural rate of healing is unusually fast.
You are covered in fur. (AC +1)
You have tough skin. (AC +1)


Message History

The orc warlord hits you with a +5 broad axe!!
You block the orc's attack.
You claw the orc warlord!
The orc warlord is lightly wounded.
The orc warlord hits you with a +5 broad axe!!
You mangle the orc warlord!!
The orc warlord is moderately wounded.
You block the orc's attack.
You scratch the orc warlord.
The orc warlord is moderately wounded.
You block the orc warlord's attack.
You scratch the orc warlord but do no damage.
The orc warlord is moderately wounded.
You block the orc's attack.
The orc warlord hits you with a +5 broad axe!!
* * * LOW HITPOINT WARNING * * *
You completely miss the orc warlord.
The orc warlord is moderately wounded.
The orc hits you but does no damage.
You mangle the orc warlord!!
The orc warlord is heavily wounded.
The orc warlord hits you but does no damage.
You scratch the orc warlord but do no damage.
The orc warlord is heavily wounded.
The orc hits you with a +0 hand axe.
* * * LOW HITPOINT WARNING * * *
The orc warlord hits you with a +5 broad axe!!
* * * LOW HITPOINT WARNING * * *
You barely miss the orc warlord.
The orc warlord is heavily wounded.
You block the orc's attack.
You claw the orc warlord!
The orc warlord is heavily wounded.
You block the orc warlord's attack.
You completely miss the orc warlord.
The orc warlord is heavily wounded.
The orc hits you with a +0 hand axe!
* * * LOW HITPOINT WARNING * * *
The orc warlord hits you with a +5 broad axe!
You die...

##### ##### ##...## ##...##
##.....## ##.....##
##.......#######.......##
##..8..8...........8..8..##
#.........................#
#..........†..o@..........#
#...8...)).#''o#......8...#
##......####~~~####......##
♣##.....#~~~~~~~~~#.....##♣
♣.##....#~.8...8.~#....##.♣
♣♣..###'###.......###'###..♣♣
♣...~~~.#~~.8...8.~~#.~~~...♣
♣...~~~.#~.........~#.~~)...♣♣
∩...~~~.# ...∩... #.~~~...∩♣


You could see an orc warlord and an orc (strong).

Vanquished Creatures
  Gastronok (D:8)
  Maggie (D:6)
  2 steam dragons (D:7)
  Grum (D:8)
  A water moccasin (D:5)
  A sky beast (D:6)
  2 ice beasts
  4 orc warriors
  3 ogres
  3 wolves (D:7)
  2 centaurs (D:5)
  3 phantoms
  A kobold brigand (D:7)
  A bullfrog (D:6)
  3 necrophages
  2 scorpions (D:4)
  10 wights
  5 killer bees
  A vampire bat (D:4)
  A howler monkey (D:7)
  3 jellies
  3 hounds
  7 orc priests
  Ijyb (D:5)
  2 iguanas
  5 orc wizards
  A gnoll (Bailey)
  9 adders
  A river rat (Sewer)
  A shadow imp (D:6)
  A white imp (D:6)
  2 ufetubi
  5 worms
  5 dart slugs
  3 fire bats (D:4)
  32 orcs
  2 spectral bats (D:4)
  3 bat skeletons (D:4)
  A bat zombie (D:4)
  4 endoplasms
  5 giant cockroaches
  14 goblins
  8 hobgoblins
  9 jackals
  26 kobolds
  3 quokkas
  7 ball pythons
  12 bats
  A bat simulacrum (D:4)
  10 frilled lizards
  9 rats
243 creatures vanquished.

Vanquished Creatures (others)
  2 orcs
  17 plants
19 creatures vanquished.

Grand Total: 262 creatures vanquished

Notes
Turn   | Place    | Note
-------+----------+-------------------------------------------
     0 | D:1      | KittyFluff the Troll Fighter began the quest for the Orb.
     0 | D:1      | Reached XP level 1. HP: 22/22 MP: 0/0
    99 | D:1      | Reached skill level 3 in Shields
   146 | D:1      | Reached XP level 2. HP: 29/29 MP: 1/1
   491 | D:1      | Reached XP level 3. HP: 36/36 MP: 2/2
  1546 | D:3      | Reached XP level 4. HP: 39/44 MP: 1/3
  1559 | D:3      | Found a glowing drain.
  1572 | Sewer    | Entered a sewer
  1584 | Sewer    | Reached skill level 1 in Unarmed Combat
  1822 | Sewer    | Reached XP level 5. HP: 53/53 MP: 4/4
  2967 | D:3      | Reached skill level 1 in Evocations
  3008 | D:3      | Reached skill level 1 in Throwing
  3008 | D:3      | Reached skill level 4 in Shields
  3038 | D:4      | Reached XP level 6. HP: 58/61 MP: 3/5
  3145 | D:4      | Reached XP level 7. HP: 59/67 MP: 3/6
  3536 | D:4      | Reached skill level 5 in Shields
  3850 | D:4      | Reached XP level 8. HP: 68/75 MP: 5/7
  3984 | D:5      | Entered Level 5 of the Dungeon
  4211 | D:5      | Found Futagedon's Magic Scroll Emporium.
  4266 | D:5      | Noticed Ijyb
  4273 | D:5      | Killed Ijyb
  5059 | D:6      | Reached skill level 6 in Shields
  5062 | D:6      | Found a transporter.
  5068 | D:6      | Identified the +4 kite shield of Gravity {Str+4}
  5073 | D:6      | Found a transporter.
  5126 | D:6      | Reached skill level 5 in Unarmed Combat
  5610 | D:6      | Identified the ring "Ipofow" {rF+ rCorr Str+6 Slay+2}
  5628 | D:6      | Noticed Maggie
  5629 | D:6      | Paralysed by an orc for 4 turns
  5641 | D:6      | Killed Maggie
  5642 | D:6      | Reached skill level 1 in Stealth
  5642 | D:6      | Reached XP level 9. HP: 52/83 MP: 5/8
  5643 | D:6      | Paralysed by an orc for 5 turns
  5722 | D:6      | Found a broken altar of Ashenzari.
  5725 | D:6      | Found a basalt altar of Yredelemnul.
  5725 | D:6      | Found an ancient bone altar of Kikubaaqudgha.
  5728 | D:6      | Found a radiant altar of Vehumet.
  5824 | D:5      | Bought a scroll of poison for 48 gold pieces
  5824 | D:5      | Bought a scroll of teleportation for 36 gold pieces
  5824 | D:5      | Bought a scroll of identify for 24 gold pieces
  5837 | D:5      | Bought a scroll of identify for 24 gold pieces
  5942 | D:6      | Noticed Rudyous's ghost (novice HOFi)
  6544 | D:7      | Found a staircase to the Ecumenical Temple.
  6655 | Temple   | Entered the Ecumenical Temple
  6795 | Temple   | Became a worshipper of Trog the Wrathful
  6880 | D:8      | Noticed Grum
  6890 | D:7      | Reached skill level 7 in Shields
  6943 | D:8      | Killed Grum
  6950 | D:8      | HP: 6/124 [poisoned by a killer bee]
  6952 | D:8      | Reached XP level 10. HP: 6/91 MP: 9/9
  6955 | D:8      | HP: 4/136 [poisoned by a killer bee]
  7111 | D:8      | Noticed Gastronok
  7139 | D:8      | Killed Gastronok
  7140 | D:8      | Reached skill level 5 in Dodging
  7187 | D:8      | Found a flagged portal.
  7210 | Bailey   | Entered a bailey
  7247 | Bailey   | Reached * piety under Trog
  7283 | Bailey   | Noticed an orc warlord
  7310 | Bailey   | Reached skill level 8 in Shields
  7364 | Bailey   | Found a runed translucent gate.
  7365 | Bailey   | Found a runed translucent gate.
  7366 | Bailey   | Found a runed translucent gate.
  7496 | Bailey   | Slain by an orc warlord

Illustrated notes

Levels and vault maps discovered:
D:1:      minmay_arrival_widening_spiral_wide, layout_loops_ring
D:2:      layout_loops_cross, grunt_decor_one_mirror, minmay_misc_feat_x,
          minmay_distorted
D:3:      layout_basic, portal_sewer_entry_e
D:4:      layout_cave_pools, dk_noncrumbling_4, goddamned_bats
D:5:      layout_gridville, kennysheep_decorative_pillar,
          nicolae_take_the_stairs, uniq_ijyb
D:6:      layout_loops_ring, grunt_temple_overflow_open,
          gammafunk_ghost_gnarly_gnolls, uniq_maggie
D:7:      layout_loops_ring, minmay_temple_entry_statues
D:8:      layout_basic, enter_bailey_4, serial_shops,
          nicolae_shop_window_shopping, uniq_gastronok, uniq_amaemon, uniq_grum,
          uniq_erica
Temple:   mainiacjoe_temple_bowtie_tessellation
Bailey:   bailey_axe_bossmonster_kennysheep, bailey

Skill      XL: |  1  2  3  4  5  6  7  8  9 10 |
---------------+-------------------------------+-----
Shields        | 3 4 5 6 7 8 |  8.1
Unarmed Combat | 1 2 3 4 5 6 7 |  7.3
Fighting       | 3 |  3.6
Evocations     | 1 2 3 4 |  4.3
Throwing       | 1 2 3 4 |  4.9
Dodging        | 3 4 5 |  5.2
Stealth        | 1 |  1.8
Maces & Flails | |  1.8

Action                   |  1- 3 |  4- 6 |  7- 9 | 10-12 || total
-------------------------+-------+-------+-------+-------++-------
Melee: Unarmed           |   118 |   190 |   429 |    98 ||   835
Throw: Stone             |       |     2 |       |       ||     2
       Boomerang         |       |       |       |    37 ||    37
Invok: Berserk           |       |       |       |     1 ||     1
Evoke: Wand              |       |       |     1 |     1 ||     2
  Use: Scroll            |       |       |     6 |     2 ||     8
       Potion            |       |       |     1 |       ||     1
 Stab: Sleeping          |     2 |     1 |     1 |       ||     4
       Paralysed         |       |       |     8 |       ||     8
Armor: Robe              |    20 |    27 |    96 |       ||   143
       Steam dragon scal |       |       |    61 |    30 ||    91
Dodge: Dodged            |    36 |    57 |   191 |    40 ||   324
Block: Kite shield       |    32 |    63 |   264 |    85 ||   444
       Reflection        |       |       |     1 |     9 ||    10
